 Dungeon Crawl Stone Soup version 0.20-a0-800-g4a616ed (webtiles) character file.

225 Laan the Chopper (level 6, -8/37 HPs)
             Began as a Gargoyle Monk on Mar 2, 2017.
             Mangled by an ogre
             ... wielding a +0 giant club
              (9 damage)
             ... on level 3 of the Dungeon.
             The game lasted 00:03:49 (1828 turns).

Laan the Chopper (Gargoyle Monk)                    Turns: 1828, Time: 00:03:50

Health: -8/37      AC: 12    Str: 15    XL:     6   Next: 1%
Magic:  6/6        EV:  7    Int: 12    God:
Gold:   41         SH:  0    Dex: 12    Spells: 5/5 levels left

rFire    . . .     SeeInvis .   a - +0 hand axe
rCold    . . .     Gourm    .   k - +0 chain mail
rNeg     + . .     Faith    .   (no shield)
rPois    ∞         Spirit   .   (no helmet)
rElec    +         Reflect  .   (no cloak)
rCorr    .         Harm     .   (no gloves)
MR       .....                  (no boots)
Stlth    ..........             (no amulet)
Regen    0.2/turn               (no ring)
MPRegen  0.1/turn               (no ring)

@: no status effects
A: negative energy resistance 1, electricity resistance, unbreathing,
petrification resistance, rot immunity, AC +4
a: no special abilities


You were on level 3 of the Dungeon.
You were very hungry.

You visited 1 branch of the dungeon, and saw 3 of its levels.

You collected 41 gold pieces.

Inventory:

Hand Weapons
 a - a +0 hand axe (weapon)
Armour
 k - a +0 chain mail (worn)
Scrolls
 d - a scroll of enchant armour {unknown}
 f - a scroll of fear {unknown}
 g - 3 scrolls of identify {unknown}
 i - a scroll of remove curse {unknown}
 m - 2 scrolls of teleportation {unknown}
 o - a scroll of amnesia {unknown}
Potions
 e - a potion of lignification {unknown}
 j - a potion of might {unknown}
 l - a potion of haste {unknown}
 p - a potion of mutation {unknown}
Comestibles
 c - 3 bread rations
 h - 2 meat rations
 n - a royal jelly


   Skills:
 - Level 3.2 Fighting
 + Level 5.9 Axes
 - Level 2.4 Dodging
 - Level 2.1 Stealth


You had 5 spell levels left.
You didn't know any spells.

Dungeon Overview and Level Annotations

Branches:
Dungeon (3/15)

Altars:
Fedhas
Gozag
Makhleb
Ru


Innate Abilities, Weirdness & Mutations

You are resistant to torment.
Your stone body is resilient. (AC +4)
You are immune to poison.
You resist negative energy. (rN+)
You are resistant to electric shocks. (rElec)
You can survive without breathing.
You are immune to petrification.
You are immune to rotting.


Message History

You are too injured to fight recklessly!
You aren't carrying any items that you can evoke.
You hit the ogre.
The ogre is moderately wounded.
The ogre hits you but does no damage.
You hit the ogre.
The ogre is moderately wounded.
The ogre hits you with a giant club.
You hit the ogre but do no damage.
The ogre is moderately wounded.
You closely miss the ogre.
The ogre is moderately wounded.
The ogre closely misses you.
You hit the ogre.
The ogre is moderately wounded.
The ogre hits you with a giant club!
* * * LOW HITPOINT WARNING * * *
It was a potion of magic.
Magic courses through your body. The ogre hits you with a giant club!
You die...

..............#
.#.#..........# .#
.#.#..........# .#
##.###...<....####.# #_#
#........#....#
######........#....#####
.#1#....................
.###..........#.........
................@....#
..............###O...#
..............# ...(#
..............# ....#
..............# ....#
..............# ###.#
..............# .#
..............# #
...............


You could see an ogre.

Vanquished Creatures
  The ghost of Dworkin the Sneak, an amateur SpEn (D:3)
  An orc wizard (D:3)
  4 adders
  An ooze (D:2)
  A worm (D:2)
  4 dart slugs
  A leopard gecko (D:3)
  4 orcs (D:3)
  4 giant cockroaches
  4 goblins (D:1)
  6 hobgoblins
  5 bats
  2 frilled lizards
  2 kobolds
  9 rats
49 creatures vanquished.

Notes
Turn   | Place    | Note
-------+----------+-------------------------------------------
     0 | D:1      | Laan the Gargoyle Monk began the quest for the Orb.
     0 | D:1      | Reached XP level 1. HP: 14/14 MP: 1/1
   203 | D:1      | Reached skill level 3 in Axes
   211 | D:1      | Reached XP level 2. HP: 6/19 MP: 2/2
   608 | D:2      | Reached XP level 3. HP: 13/23 MP: 3/3
   727 | D:2      | Found a sacrificial altar of Ru.
   860 | D:2      | Reached skill level 4 in Axes
  1041 | D:2      | Reached XP level 4. HP: 28/28 MP: 4/4
  1067 | D:3      | Noticed Dworkin's ghost (amateur SpEn)
  1252 | D:3      | Killed Dworkin's ghost
  1252 | D:3      | Reached skill level 5 in Axes
  1252 | D:3      | Reached XP level 5. HP: 21/32 MP: 5/5
  1322 | D:3      | Found a blossoming altar of Fedhas.
  1468 | D:3      | Found an opulent altar of Gozag.
  1516 | D:3      | Reached XP level 6. HP: 5/37 MP: 6/6
  1800 | D:3      | Found a burning altar of Makhleb.
  1800 | D:3      | Noticed an Executioner
  1827 | D:3      | HP: 1/37 [ogre/giant club (16)]
  1828 | D:3      | Mangled by an ogre

Vault maps used:
D:1:      elethiomel_arrival_shortcut, hangedman_decor_points
D:2:      nicolae_ru_sacrificial_ziggurat, uniq_crazy_yiuf_cottage
D:3:      overflow_temple_1_default, nicolae_overflow_crystal_walls,
          makhleb_altar_promises_db

Skill      XL: |  1  2  3  4 |
---------------+-------------+-----
Axes           | 3 4 5 |  5.9
Fighting       | |  3.2
Dodging        | |  2.4
Stealth        | |  2.1

Action                   |  1- 3 |  4- 6 || total
-------------------------+-------+-------++-------
Melee: Hand axe          |    96 |    87 ||   183
  Use: Potion            |       |     1 ||     1
 Stab: Sleeping          |     3 |       ||     3
  Eat: Chunk             |     1 |     1 ||     2
Armor: Robe              |    41 |       ||    41
       Ring mail         |     1 |    23 ||    24
       Chain mail        |       |    53 ||    53
Dodge: Dodged            |    65 |    57 ||   122
